 Dungeon Crawl Stone Soup version 0.30.0-17-ge0270778cf (webtiles) character file.

Game seed: 6296270695648733912

527264 EnegeticOcto the Metallomancer (level 27, -3/221 (236) HPs)
             Began as a Meteoran Earth Elementalist on May 21, 2023.
             Was an Elder of Sif Muna.
             Slain by a bennu (22 damage)
             ... on level 15 of a ziggurat.
             The game lasted 02:45:39 (14310 turns).

EnegeticOcto the Metallomancer (MeEE)              Turns: 14310, Time: 02:45:39

HP:   -3/221 (236)  AC:  8    Str: 11    XL:     27
MP:   10/42         EV: 21    Int: 29    God:    Sif Muna [****..]
Gold: 1951          SH:  0    Dex: 18    Spells: 18/64 levels left

rFire   + + .        l - staff of air "Luhathashru" {rElec rF+ Int+2 Stlth+}
rCold   . . .        (no shield)
rNeg    . . .        C - +1 troll leather armour
rPois   .            (no helmet)
rElec   +            U - +2 cloak {Stlth+}
rCorr   .            (no gloves)
SInv    .            (no boots)
Will    +++..        Z - amulet of the acrobat
Stlth   ++           j - ring of protection from fire
HPRegen 1.36/turn    k - ring of protection from cold
MPRegen 0.28/turn

%: random rage (3%), acrobat
@: glowing, studying 3 skills, drained
A: sense surroundings 3, otherworldly, glowing, explore regen, hooves 1, berserk
1, dopey 1, low MP 1, cold vulnerability 1, subdued magic 1, inability to drink
after injury 1
}: 5/15 runes: decaying, serpentine, slimy, silver, abyssal
a: Renounce Religion, Channel Magic, Forget Spell, Divine Exegesis


You were on level 15 of a ziggurat.
You worshipped Sif Muna.
Sif Muna was greatly pleased with you.
You visited 10 branches of the dungeon, and saw 48 of its levels.
You visited the Abyss 1 time.
You visited 1 bazaar.
You visited 1 ziggurat, and saw 15 of its levels.
You also visited: Bailey and Desolation.

You collected 4100 gold pieces.
You spent 2149 gold pieces at shops.

Inventory:

Missiles
 h - 6 curare-tipped darts (quivered)
 J - a throwing net {!f}
Armour
 C - a +1 troll leather armour (worn)
   (You found it on level 11 of the Dungeon)
 E - a scarf of repulsion
   (You found it on level 5 of the Pits of Slime)
 N - a +2 robe of resistance
   (You took it off Jorgrun on level 13 of the Dungeon)
 Q - a +2 kite shield of reflection
   (You took it off a naga warrior on level 1 of the Snake Pit)
 U - a +2 cloak of stealth (worn)
   (You found it on level 1 of the Snake Pit)
Magical Staves
 a - the staff of air "Nutaorid" {+Blink rElec rC- rN++ rCorr}
   (You found it on level 3 of the Elven Halls)

   [staff of air]

   Base accuracy: +5 Base damage: 5 Base attack delay: 1.2 This weapon's minimum
   attack delay (0.6) is reached at skill level 12.
   rC:        It makes you vulnerable to cold.
   rElec:     It insulates you from electricity.
   rN:        It greatly protects you from negative energy.
   +Blink:    It lets you blink.
   rCorr:     It protects you from acid and corrosion.
   It falls into the 'Staves' category.
   It is a one-handed weapon.
 c - a staff of earth
   (You found it on level 5 of the Pits of Slime)
 l - the staff of air "Luhathashru" (weapon) {rElec rF+ Int+2 Stlth+}
   (You found it on level 4 of a ziggurat)

   [staff of air]

   Base accuracy: +5 Base damage: 5 Base attack delay: 1.2 This weapon's minimum
   attack delay (0.6) is reached at skill level 12.
   Int:       It affects your intelligence (+2).
   rF:        It protects you from fire.
   rElec:     It insulates you from electricity.
   Stlth:     It makes you more stealthy.
   It falls into the 'Staves' category.
   It is a one-handed weapon.
Jewellery
 j - a ring of protection from fire (left hand)
   (You took it off an orc on level 3 of the Dungeon)
 k - a ring of protection from cold (right hand)
   (You found it on level 5 of the Pits of Slime)
 x - the ring "Voce" {Will+ rCorr Dex+3}
   (You found it on level 5 of the Pits of Slime)

   [ring of resist corrosion]

   Dex:       It affects your dexterity (+3).
   rCorr:     It protects you from acid and corrosion.
   Will:      It increases your willpower.
 F - a ring of wizardry
   (You found it on level 3 of the Elven Halls)
 I - a +6 ring of intelligence
   (You found it on level 1 of the Depths)
 Z - an amulet of the acrobat (around neck)
   (You found it on level 5 of the Vaults)
Wands
 e - a wand of polymorph (21)
   (You found it on level 2 of the Swamp)
 q - a wand of roots (76) {@v2}
   (You took it off Duvessa on level 4 of the Dungeon)
 r - a wand of digging (4) {@v3}
   (You took it off Ijyb on level 4 of the Dungeon)
 v - a wand of charming (38)
   (You found it on level 7 of the Dungeon)
 L - a wand of light (29) {@v1}
   (You found it on level 13 of the Dungeon)
 O - a wand of mindburst (31)
   (You found it on level 4 of the Snake Pit)
Scrolls
 i - 10 scrolls of magic mapping {@r5 !r}
 m - 3 scrolls of summoning
 y - 7 scrolls of immolation
 B - a scroll of poison
 G - 2 scrolls of torment
 P - 9 scrolls of enchant armour
 S - 9 scrolls of fog {!r}
 V - 16 scrolls of teleportation {@r3 !r}
 X - 3 scrolls of fear {!r}
Potions
 b - 6 potions of magic
 d - a potion of berserk rage
 f - 4 potions of ambrosia
 g - 14 potions of curing {@q1 !q}
 n - a potion of might {@q3 !q}
 p - 5 potions of cancellation
 s - 3 potions of haste {@q4 !q}
 t - 7 potions of brilliance
 u - 5 potions of attraction
 z - 4 potions of resistance
 D - 7 potions of flight
 K - 2 potions of heal wounds {@q2 !q}
 M - 8 potions of mutation
 W - 5 potions of lignification {@q6}
Miscellaneous
 T - a tin of tremorstones (2/2)
   (You found it on level 1 of the Snake Pit)
 Y - a phial of floods
   (You found it on level 5 of the Vaults)


   Skills:
 + Level 17.3 Fighting
 - Level 4.0 Armour
 - Level 15.0 Dodging
 - Level 1.4 Stealth
 - Level 10.0 Shields
 - Level 17.0 Unarmed Combat
 + Level 19.3 Spellcasting
 - Level 9.0 Conjurations
 - Level 13.0 Translocations
 - Level 15.0 Transmutations
 - Level 6.0 Ice Magic
 - Level 15.0 Air Magic
 - Level 24.0 Earth Magic
 - Level 15.0 Invocations
 - Level 8.0 Evocations


You had 18 spell levels left.
You knew the following spells:

 Your Spells              Type           Power      Damage    Failure   Level
a - Vhi's Electric Charg  Tloc/Air       100%       N/A       0%          3
b - Storm Form            Tmut/Air       46%        N/A       2%          7
c - Passage of Golubria   Tloc           68%        N/A       1%          4
d - Wereblood             Tmut           73%        N/A       0%          2
e - Shatter               Erth           45%        3d35*     8%          9
f - Statue Form           Tmut/Erth      55%        N/A       1%          6
g - Manifold Assault      Tloc           68%        N/A       1%          4
p - Passwall              Tmut/Erth      69%        N/A       0%          2
z - Irradiate             Conj/Tmut      33%        3d22      1%          5
B - Sublimation of Blood  Necr           21%        N/A       1%          2
Y - Blink                 Tloc           100%       N/A       0%          2

Your spell library contained the following spells:

 Spells                   Type           Power      Damage    Failure   Level
 Apportation              Tloc           100%       N/A       0%          1
 Beastly Appendage        Tmut           100%       N/A       0%          1
 Sandblast                Erth           100%       2d20      0%          1
 Shock                    Conj/Air       100%       1d9       0%          1
 Lesser Beckoning         Tloc           100%       N/A       0%          2
 Momentum Strike          Conj/Tloc      100%       3d10      0%          2
 Static Discharge         Conj/Air       100%       2-7/arc   0%          2
 Gell's Gravitas          Tloc           68%        N/A       0%          3
 Stone Arrow              Conj/Erth      100%       3d13      0%          3
 Swiftness                Air            93%        N/A       0%          3
 Petrify                  Tmut/Erth      83%        N/A       0%          4
 Lee's Rapid Deconstruct  Erth           45%        3d22*     0%          5
 Foxfire                  Conj/Fire      100%       2x1d9     1%          1
 Freeze                   Ice            100%       1d10      1%          1
 Kiss of Death            Conj/Necr      100%       2d13      1%          1
 Necrotise                Necr           84%        1d8       1%          1
 Slow                     Hex            84%        N/A       1%          1
 Sting                    Tmut/Pois      100%       1d8       1%          1
 Summon Small Mammal      Summ           84%        N/A       1%          1
 Cigotuvi's Dreadful Rot  Necr/Pois/Air  100%       N/A       1%          2
 Ensorcelled Hibernation  Hex/Ice        68%        N/A       1%          2
 Poisonous Vapours        Pois/Air       100%       N/A       1%          2
 Scorch                   Fire           42%        2d7       1%          2
 Dazzling Flash           Conj/Hex       82%        N/A       1%          3
 Frozen Ramparts          Ice            96%        1d15      1%          3
 Hailstorm                Conj/Ice       53%        3d12      1%          3
 Ignite Poison            Fire/Tmut/Pois 43%        N/A       1%          3
 Mephitic Cloud           Conj/Pois/Air  72%        N/A       1%          3
 Ozocubu's Armour         Ice            48%        N/A       1%          3
 Spider Form              Tmut/Pois      53%        N/A       1%          3
 Volatile Blastmotes      Fire/Tloc      100%       2d18      1%          3
 Airstrike                Air            46%        2d(7-23)  1%          4
 Animate Armour           Summ/Erth      100%       N/A       1%          4
 Flame Wave               Conj/Fire      41%        2d11      1%          4
 Fulminant Prism          Conj/Hex       20%        3d12      1%          4
 Ice Form                 Ice/Tmut       62%        N/A       1%          4
 Iskenderun's Mystic Bla  Conj/Tloc      63%        2d13      1%          4
 Leda's Liquefaction      Hex/Erth       33%        N/A       1%          4
 Sticky Flame             Conj/Fire      41%        2d6       1%          4
 Summon Lightning Spire   Summ/Air       70%        N/A       1%          4
 Alistair's Intoxication  Tmut/Pois      35%        N/A       1%          5
 Arcjolt                  Conj/Air       42%        1d52      1%          5
 Blade Hands              Tmut           36%        N/A       1%          5
 Borgnjor's Vile Clutch   Necr/Erth      33%        N/A       1%          5
 Freezing Cloud           Conj/Ice/Air   39%        6-21      1%          5
 Iskenderun's Battlesphe  Conj           57%        2d11      1%          5
 Silence                  Hex/Air        35%        N/A       1%          5
 Yara's Violent Unravell  Hex/Tmut       26%        3d11      1%          5
 Conjure Ball Lightning   Conj/Air       42%        3x3d15    1%          6
 Dispersal                Tloc           34%        N/A       1%          6
 Iron Shot                Conj/Erth      38%        9d8       1%          6
 Summon Forest            Summ/Tloc      25%        N/A       2%          5
 Dragon Form              Tmut           36%        N/A       2%          7
 Confusing Touch          Hex            21%        N/A       4%          3
 Inner Flame              Hex/Fire       21%        N/A       4%          3
 Summon Guardian Golem    Hex/Summ       21%        N/A       4%          3
 Vampiric Draining        Necr           21%        2d7       4%          3
 Summon Ice Beast         Ice/Summ       34%        N/A       4%          4
 Fireball                 Conj/Fire      20%        3d10      6%          5
 Eringya's Noxious Bog    Tmut/Pois      26%        N/A       11%         6
 Plasma Beam              Fire/Air       35%        2x1d53    11%         6
 Metabolic Englaciation   Hex/Ice        17%        N/A       12%         5
 Lehudib's Crystal Spear  Conj/Erth      38%        10d9      12%         8
 Anguish                  Hex/Necr       10%        N/A       16%         4
 Animate Dead             Necr           21%        N/A       16%         4
 Cause Fear               Hex            10%        N/A       16%         4
 Dispel Undead            Necr           21%        3d11      16%         4
 Olgreb's Toxic Radiance  Pois           21%        N/A       16%         4
 Maxwell's Capacitive Co  Air            46%        ∞         22%         8
 Orb of Destruction       Conj           28%        9d9       32%         7
 Starburst                Conj/Fire      20%        6d7       36%         6
 Agony                    Necr           21%        N/A       41%         5
 Summon Mana Viper        Hex/Summ       21%        N/A       41%         5
 Disjunction              Tloc           34%        N/A       45%         8
 Simulacrum               Ice/Necr       17%        N/A       58%         6
 Malign Gateway           Summ/Tloc      25%        N/A       67%         7
 Spellforged Servitor     Conj/Summ      20%        N/A       92%         7
 Death Channel            Necr           10%        N/A       94%         6
 Summon Cactus Giant      Summ           10%        N/A       94%         6
 Necromutation            Tmut/Necr      26%        N/A       99%         8
 Enfeeble                 Hex            10%        N/A       100%        7
 Haunt                    Necr/Summ      10%        N/A       100%        7
 Ignition                 Fire           10%        3d5       100%        8
 Infestation              Necr           10%        N/A       100%        8
 Summon Horrible Things   Summ           10%        N/A       100%        8
 Chain Lightning          Conj/Air       42%        3d56      100%        9
 Dragon's Call            Summ           10%        N/A       100%        9
 Fire Storm               Conj/Fire      20%        8d5       100%        9
 Polar Vortex             Ice            24%        N/A       100%        9


Dungeon Overview and Level Annotations

Branches:
Dungeon (15/15) Zot: 4578  Temple (1/1) D:7 Zot: 565    Lair (5/5) D:9 Zot: 1405
  Swamp (4/4) Lair:3 Zot: 1788   Snake (4/4) Lair:2 Zot: 1062   Slime (5/5) Lair:5 Zot: 2677
    Orc (2/2) D:10 Zot: 487     Elf (3/3) Orc:2 Zot: 406  Vaults (5/5) D:14 Zot: 1478
  Crypt (0/3) Vaults:3     Depths (4/4) D:15 Zot: 1707  Bailey (visited)
Desolation (visited)
    Zot: Depths:4

Altars:
Ashenzari
Elyvilon
Gozag
Makhleb
Qazlal
Ru
Sif Muna
Xom
Yredelemnul
Zin
Jiyva

Shops:
D:7 (   D:11 (   Orc:2 [[((   Elf:1 [   Elf:3 (   Vaults:5 *

Portals:
Hell: Depths:3 Depths:4
Abyss: Depths:3

Annotations:
Lair:5 1 runed translucent door
Vaults:3 8 runed translucent doors, Toam's ghost, veteran VSVM
Depths:4 2 runed translucent doors, Enaxenid's ghost, legendary MiBe


Innate Abilities, Weirdness & Mutations

You passively map a large area around you.
You are easily found by Zot.
You glow in the dark.
You regain HP and MP as you explore.
You have large cloven feet.
You sometimes lose your temper in combat.
You are dopey. (Int -2)
Your magical capacity is low. (-10% MP)
You are vulnerable to cold. (rC-)
Your spells are a little easier to cast, but a little less powerful.
You occasionally lose the ability to drink potions when taking damage.


Message History

The royal mummy is almost destroyed.
The emperor scorpion is moderately wounded.
You destroy the guardian mummy!
Sif Muna accepts your kill.
The titan simulacrum is almost destroyed.
You feel extremely nervous for a moment...
Your skin prickles.
You feel extremely nervous for a moment...
You feel a surge of unholy energy.
You creak as the wereblood boils in your veins!
You feel extremely sick.
The bennu jubilantly flits about.
The bennu pecks you but does no damage. The bennu claws you but does no damage.
The bennu claws you! The bennu pecks you but does no damage.
The bennu claws you but does no damage. The bennu claws you.
The emperor scorpion stings you.
You are more poisoned.
The emperor scorpion poisons you! The emperor scorpion claws you.
The emperor scorpion claws you but does no damage.
The emperor scorpion stings you but does no damage.
The emperor scorpion claws you but does no damage. x2
The bennu completely misses you. The bennu claws you!
The bennu claws you but does no damage. The bennu pecks you but does no damage.
The bennu claws you but does no damage. x2
The royal mummy gestures at you while chanting.
Something smites you!
The royal mummy gestures wildly while chanting.
The emperor scorpion stings you but does no damage.
The emperor scorpion claws you but does no damage. x2
The emperor scorpion completely misses you.
The emperor scorpion claws you but does no damage. x2
The emperor scorpion stings you but does no damage.
The emperor scorpion claws you but does no damage. x2
The bennu pecks you!
The bennu claws you but does no damage. x2
Casting: Shatter (dangerous; 7% risk of failure)
Confirm with . or Enter, or press ? or * to list all spells.
The dungeon rumbles!
The bennu is heavily wounded.
You kill the emperor scorpion!
The emperor scorpion's corpse disappears in a puff of smoke!
You kill the emperor scorpion!
The emperor scorpion's corpse disappears in a puff of smoke!
You kill the emperor scorpion!
The emperor scorpion's corpse disappears in a puff of smoke!
The bennu is almost dead.
The emperor scorpion is severely wounded.
You destroy the royal mummy!
Sif Muna accepts your kill.
The emperor scorpion disappears in a puff of smoke! x4
You destroy the royal mummy!
Sif Muna accepts your kill.
The titan simulacrum vaporises!
Sif Muna accepts your kill.
You feel extremely nervous for a moment...
You are engulfed in negative energy!
You feel drained.
You feel extremely nervous for a moment...
You feel a surge of unholy energy.
You creak as the wereblood boils in your veins!
You feel extremely sick. The bennu pecks you!
The bennu claws you but does no damage. The bennu claws you!
The bennu pecks you but does no damage. The bennu claws you. x2
The bennu jubilantly flits about.
The bennu pecks you but does no damage. The bennu claws you but does no damage.
The bennu claws you. The bennu pecks you! The bennu claws you.
The bennu claws you but does no damage. The bennu pecks you!
The bennu completely misses you. The bennu claws you but does no damage.
You feel your intelligence returning.
Really quaff
g - 15 potions of curing {@q1 !q}?
You feel better. The bennu pecks you! The bennu claws you.
* * * LOW HITPOINT WARNING * * *
The bennu claws you but does no damage. The bennu pecks you.
* * * LOW HITPOINT WARNING * * *
The bennu claws you!
* * * LOW HITPOINT WARNING * * *
The bennu claws you but does no damage. The bennu pecks you.
* * * LOW HITPOINT WARNING * * *
The bennu claws you but does no damage. The bennu claws you.
* * * LOW HITPOINT WARNING * * *
The bennu pecks you but does no damage.
The bennu claws you but does no damage. x2
The bennu pecks you!
* * * LOW HITPOINT WARNING * * *
The bennu claws you but does no damage. x2
Okay, then.
Press: ? - help, v - describe, . - travel
Here: a bennu (heavily wounded)
The floor.
Your magical effects are unravelling.
You feel magically purged.
You feel less wooden.
Your +2 cloak of stealth unmelds from your body.
Your +1 troll leather armour unmelds from your body.
You feel stealthy.
You feel yourself speed up.
Your primal bloodlust has ended.
The bennu pecks you!
* * * LOW HITPOINT WARNING * * *
The bennu closely misses you. The bennu claws you.
* * * LOW HITPOINT WARNING * * *
The bennu pecks you!!
You die...

▓▓.........., , ,
▓▓.................
, **
▓.§................
,
▓▓...............○.,
,∩*
▓▓........§§§.....,
** ▓..........§....
** *▓......§§§.§...
** ▓▓....b........
▓....@b.....▓*
▓▓▓▓▓▓▓▓▓▓▓▓▓


You could see 2 bennus.

Vanquished Creatures
  the Royal Jelly (Slime:5)
  3 dread liches
  3 ancient liches
  An orb of fire (Zig:3)
  Mara (Depths:3)
  6 royal mummies
  Vashnia (Snake:4)
  A shard shrike (Zig:7)
  2 Killer Klowns (Zig:12)
  A pandemonium lord (Zig:14)
  6 golden dragons
  2 Brimstone Fiends (Zig:6)
  A walking crystal tome (Depths:4)
  3 Ice Fiends
  5 tentacled monstrosities
  2 Hell Sentinels (Zig:14)
  Jorgrun (D:13)
  2 quicksilver dragons (Depths:4)
  A lich (Zig:10)
  3 deep elf master archers
  2 titans (Vaults:5)
  A walking divine tome (Depths:4)
  2 quicksilver dragons (shapeshifter) (Zig:12)
  A walking frostbound tome (Depths:3)
  Asterion (Snake:2)
  7 acid blobs
  Frances (D:13)
  6 sphinxes
  3 deep elf blademasters
  2 Executioners (Zig:14)
  An ancient champion (Vaults:3)
  A searing wretch (Zig:6)
  4 storm dragons
  3 shadow dragons
  2 thorn hunters
  4 tengu reavers
  Agnes (Elf:1)
  5 rockslimes
  6 nagarajas
  A demonspawn warmonger (Zig:14)
  A nargun (Zig:7)
  A frost giant (shapeshifter) (Zig:12)
  8 azure jellies
  4 fire giants
  10 deep elf sorcerers
  11 frost giants
  A fenstrider witch (Swamp:2)
  2 imperial myrmidons (Desolation)
  An iron dragon (Depths:4)
  Louise (Swamp:4)
  10 vault wardens
  6 deep elf elementalists
  5 balrugs
  5 orc warlords
  2 demonspawn blood saints
  8 quicksilver oozes
  A cacodemon (Zig:14)
  A juggernaut zombie (D:15)
  7 ironbound preservers
  A draconian annihilator (Zig:8)
  14 very ugly things
  3 war gargoyles
  A caustic shrike skeleton (Zig:15)
  A demonspawn corrupter (Zig:14)
  A demonspawn black sun (Zig:14)
  6 eleionomae
  3 ironbound thunderhulks
  10 stone giants
  A vampire knight (Vaults:3)
  7 deep elf demonologists
  A lorocyproca (Zig:14)
  14 deep elf annihilators
  A white draconian (Zig:1)
  3 bennus
  7 spark wasps
  3 wendigos (Zig:7)
  A dire elephant (Vaults:3)
  A dire elephant (shapeshifter) (Zig:12)
  4 halazid warlocks (Desolation)
  4 blizzard demons
  Snorg (D:10)
  A crystal guardian (Vaults:3)
  5 ettins
  11 deep elf death magi
  6 mummy priests
  2 green deaths (Zig:14)
  11 deep elf high priests
  A shambling mangrove (Swamp:4)
  A merfolk impaler (Abyss:3)
  A jiangshi (Vaults:3)
  4 fire dragons
  5 ragged hierophants (Desolation)
  An entropy weaver (Vaults:5)
  5 yaktaur captains
  9 hydras
  7 ice dragons
  Erolcha (D:13)
  7 peacekeepers
  5 great orbs of eyes
  2 servants of whispers (Desolation)
  2 ghost crabs (Swamp:4)
  4 spriggan air magi
  A spriggan skeleton (Zig:15)
  A salamander tyrant (Snake:4)
  26 vault guards (Vaults:5)
  An ogre mage (Vaults:3)
  A merfolk aquamancer (Zig:8)
  Erica (D:10)
  2 two-headed ogres
  A catoblepas (Lair:5)
  15 naga warriors
  5 centaur warriors
  3 tengu warriors
  4 alligators
  6 deep troll shamans
  3 boulder beetles
  A two-headed ogre (shapeshifter) (Vaults:5)
  A deep troll earth mage (Depths:4)
  13 anacondas
  2 vampire magi
  17 dancing weapons
  2 orc high priests
  10 naga sharpshooters
  6 spriggan berserkers
  7 shock serpents
  22 deep elf knights
  4 spriggans
  2 salamander mystics
  A skyshark (Lair:5)
  5 hell knights (Depths:4)
  A shadow wraith (Vaults:5)
  3 goliath frogs
  2 storm dragon skeletons
  A pharaoh ant (Zig:4)
  A golden dragon zombie (D:15)
  A flayed ghost (Vaults:4)
  2 death drakes (Depths:4)
  2 glowing orange brains
  A spriggan druid (Swamp:2)
  4 iron trolls
  2 skeletal warriors (D:15)
  36 deep trolls
  2 orb spiders (Zig:4)
  7 naga ritualists
  4 phantasmal warriors
  An obsidian statue (Snake:1)
  2 starcursed masses (Abyss:3)
  2 harpies (shapeshifter)
  4 necromancers
  A bog body (Swamp:1)
  2 lindwurms (Vaults:3)
  2 orange crystal statues (Zig:8)
  12 deep elf archers
  22 ironbound convokers
  7 mana vipers
  3 wizards
  4 harpies (Vaults:3)
  A stone giant zombie (D:15)
  14 deep elf zephyrmancers
  2 wolf spiders
  19 ugly things
  8 orc sorcerers
  16 orc knights
  A fire giant zombie (Zig:11)
  8 salamanders
  2 will-o-the-wisps
  A faun (shapeshifter) (Vaults:5)
  33 deep elf pyromancers
  A moth of wrath (shapeshifter) (Vaults:5)
  A shining eye (shapeshifter) (Zig:10)
  A manticore (D:15)
  A wolf spider (shapeshifter) (Zig:10)
  4 shining eyes
  2 worldbinders (Abyss:3)
  2 moths of wrath
  2 cyclopes
  26 black mambas
  26 elephants
  A fire giant skeleton (D:15)
  15 guardian serpents
  2 molten gargoyles (Desolation)
  10 naga magi
  A titan simulacrum (Zig:15)
  13 vault sentinels
  2 ice statues (Zig:8)
  Joseph (D:10)
  2 gargoyles
  A torpor snail (Lair:3)
  11 cane toads
  3 unseen horrors
  3 smoke demons (Abyss:3)
  A rime drake (Lair:5)
  A hellion (Zig:14)
  A yaktaur (shapeshifter) (Elf:2)
  16 yaktaurs
  A kobold demonologist (D:10)
  An unseen horror (shapeshifter) (Zig:13)
  18 guardian mummies
  4 komodo dragons
  3 tengu conjurers
  3 tormentors (Zig:14)
  6 freezing wraiths
  2 ancient zymes (Abyss:3)
  A merfolk (shapeshifter) (Zig:9)
  A red devil (Zig:14)
  3 meliai (D:13)
  5 trolls
  5 tyrant leeches
  A hellwing (Zig:14)
  7 hornets
  47 saltlings (Desolation)
  A raiju (shapeshifter) (Vaults:5)
  A tengu simulacrum (Zig:15)
  Grinder (D:4)
  A blink frog (shapeshifter) (Zig:13)
  7 raiju (Abyss:3)
  6 blink frogs
  47 slime creatures
  9 flying skulls
  A spriggan (shapeshifter) (D:10)
  3 air elementals
  3 shadows (D:10)
  8 wyverns
  5 ushabtiu
  3 basilisks
  A vampire (D:13)
  A water elemental (Depths:3)
  3 large abominations (Abyss:3)
  3 fire elementals
  A human (shapeshifter) (Elf:3)
  13 vampire mosquitoes
  3 golden eyes
  26 yaks
  2 fire bats (Abyss:3)
  A neqoxec (Zig:14)
  2 redbacks
  2 chaos spawn (D:13)
  A steam dragon (D:10)
  2 swamp worm simulacra (Swamp:4)
  A redback (shapeshifter) (Zig:12)
  5 wargs
  2 acid dragons
  27 nagas
  4 swamp worms
  Duvessa (D:4)
  A two-headed ogre zombie (D:10)
  2 small abominations (Abyss:3)
  12 hydra simulacra (Swamp:4)
  9 water moccasins
  2 floating eyes
  28 orc warriors
  3 black bears
  5 boggarts (Vaults:4)
  12 ogres
  6 centaurs
  A phantom (D:10)
  7 kobold brigands (Bailey)
  7 bullfrogs
  4 earth elementals
  A glowing shapeshifter simulacrum (Zig:15)
  12 wights
  3 scorpions
  3 troll zombies (D:10)
  Dowan (D:4)
  5 howler monkeys
  A quasit (Abyss:3)
  3 jellies
  18 orc priests
  2 gnoll boudas
  3 hounds
  Ijyb (D:4)
  4 iguanas
  A sleepcap (D:5)
  31 orc wizards
  4 ogre zombies (D:10)
  16 mummies
  5 gnolls (D:6)
  5 adders
  2 swamp drake simulacra (Swamp:4)
  2 ufetubi
  2 dart slugs (D:4)
  88 orcs
  A bat (D:3)
  3 endoplasms
  2 giant cockroaches
  6 goblins
  6 hobgoblins
  A quokka (D:5)
  A ball python (D:1)
  A goblin skeleton (D:10)
  3 goblin zombies (D:10)
  A hobgoblin skeleton (D:10)
  4 hobgoblin zombies (D:10)
  12 kobolds
  5 orc skeletons (D:10)
  11 orc zombies (D:10)
1587 creatures vanquished.

Vanquished Creatures (collateral kills)
  An ironbound preserver (Vaults:2)
  A boulder beetle (Vaults:2)
  2 shining eyes (Slime:5)
  2 yaktaurs (Vaults:2)
  4 yaks
10 creatures vanquished.

Vanquished Creatures (others)
  A deep elf master archer (Zig:13)
  A very ugly thing (Vaults:2)
  A rakshasa (D:15)
  A ghost crab (Swamp:2)
  A hell knight (Depths:4)
  A guardian serpent (Snake:4)
  3 bloated husks
  A saltling (Desolation)
  8 foxfires
18 creatures vanquished.

Grand Total: 1615 creatures vanquished

Notes
Turn   | Place    | Note
-------+----------+-------------------------------------------
     0 | D:1      | EnegeticOcto the Meteoran Earth Elementalist began the
                  | quest for the Orb.
     0 | D:1      | Reached XP level 1. HP: 14/14 MP: 5/5
   114 | D:2      | Reached skill level 4 in Earth Magic
   114 | D:2      | Reached XP level 2. HP: 12/20 MP: 1/6
   126 | D:2      | Reached XP level 3. HP: 26/26 MP: 2/8
   153 | D:2      | Reached skill level 5 in Earth Magic
   193 | D:2      | Learned a level 3 spell: Stone Arrow
   305 | D:3      | Reached skill level 1 in Conjurations
   344 | D:3      | Reached skill level 2 in Conjurations
   344 | D:3      | Reached XP level 4. HP: 21/33 MP: 6/9
   400 | D:5      | Entered Level 5 of the Dungeon
   406 | D:5      | Reached skill level 3 in Conjurations
   406 | D:5      | Reached XP level 5. HP: 38/38 MP: 2/10
   424 | D:5      | Noticed an ogre
   428 | D:5      | Killed an ogre
   429 | D:5      | Reached skill level 4 in Conjurations
   429 | D:5      | Reached skill level 4 in Spellcasting
   429 | D:5      | Reached XP level 6. HP: 45/45 MP: 3/13
   430 | D:5      | Noticed an ogre
   430 | D:5      | Found the +6 shillelagh "Devastator" {shatter}
   430 | D:5      | Noticed an ogre
   441 | D:5      | Killed an ogre
   442 | D:5      | Reached skill level 5 in Spellcasting
   442 | D:5      | Reached skill level 1 in Fighting
   452 | D:5      | Killed an ogre
   453 | D:5      | Reached skill level 2 in Fighting
   453 | D:5      | Reached XP level 7. HP: 56/56 MP: 1/15
   508 | D:5      | Identified the +11 war axe of the Kissing Fulmar {elec,
                  | Str+4}
   522 | D:5      | Reached skill level 3 in Fighting
   532 | D:5      | Found a white marble altar of Elyvilon.
   559 | D:5      | Reached skill level 4 in Fighting
   593 | D:5      | Found a basalt altar of Yredelemnul.
   654 | D:5      | Reached skill level 5 in Fighting
   654 | D:5      | Reached XP level 8. HP: 24/68 MP: 11/16
   698 | D:4      | Found a broken altar of Ashenzari.
   700 | D:4      | Noticed Duvessa
   700 | D:4      | Noticed Dowan
   714 | D:4      | Killed Dowan
   718 | D:4      | Killed Duvessa
   756 | D:4      | Noticed Ijyb
   762 | D:4      | Killed Ijyb
   873 | D:4      | Noticed Grinder
   877 | D:4      | Killed Grinder
   878 | D:4      | Reached skill level 6 in Fighting
   878 | D:4      | Reached skill level 6 in Spellcasting
   878 | D:4      | Reached skill level 6 in Earth Magic
   964 | D:5      | Found a stormy altar of Qazlal.
   991 | D:5      | Gained mutation: You passively map the area around you.
                  | [Meteoran growth]
   991 | D:5      | Reached XP level 9. HP: 75/75 MP: 13/20
   997 | D:5      | Reached skill level 7 in Spellcasting
   997 | D:5      | Reached skill level 7 in Earth Magic
  1019 | D:5      | Found a shimmering altar of Xom.
  1029 | D:5      | Reached skill level 8 in Earth Magic
  1108 | D:7      | Found a sacrificial altar of Ru.
  1149 | D:7      | Reached skill level 7 in Fighting
  1164 | D:7      | Found a staircase to the Ecumenical Temple.
  1188 | D:7      | Reached skill level 8 in Fighting
  1200 | Temple   | Entered the Ecumenical Temple
  1217 | Temple   | Became a worshipper of Sif Muna the Loreminder
  1246 | D:7      | Reached skill level 1 in Invocations
  1322 | D:7      | Learned a level 2 spell: Passwall
  1325 | D:7      | Learned a level 2 spell: Sublimation of Blood
  1331 | D:7      | Learned a level 5 spell: Irradiate
  1341 | D:7      | Found a flagged portal.
  1347 | Bailey   | Entered a bailey
  1381 | Bailey   | Reached skill level 2 in Invocations
  1396 | Bailey   | Reached skill level 2 in Transmutations
  1421 | Bailey   | Reached * piety under Sif Muna
  1429 | Bailey   | Noticed an orc knight
  1434 | Bailey   | Reached XP level 10. HP: 90/90 MP: 14/21
  1437 | Bailey   | Reached skill level 3 in Invocations
  1448 | Bailey   | Killed an orc knight
  1449 | Bailey   | Reached skill level 5 in Conjurations
  1449 | Bailey   | Reached skill level 3 in Transmutations
  1459 | Bailey   | Reached skill level 4 in Invocations
  1465 | Bailey   | Reached skill level 9 in Fighting
  1469 | Bailey   | Reached skill level 4 in Transmutations
  1488 | Bailey   | Found an iron altar of Okawaru.
  1516 | Bailey   | Gained mutation: Your magical capacity is low. (-10% MP)
                  | [potion of mutation]
  1516 | Bailey   | Gained mutation: Your body sometimes deteriorates upon
                  | taking damage. [potion of mutation]
  1518 | Bailey   | Lost mutation: Your body sometimes deteriorates upon taking
                  | damage. [potion of mutation]
  1518 | Bailey   | Lost mutation: Your magical capacity is low. (-10% MP)
                  | [potion of mutation]
  1518 | Bailey   | Gained mutation: You have large cloven feet. [potion of
                  | mutation]
  1518 | Bailey   | Gained mutation: Potions are less effective at restoring
                  | your health. [potion of mutation]
  1521 | Bailey   | Lost mutation: You have large cloven feet. [potion of
                  | mutation]
  1521 | Bailey   | Lost mutation: Potions are less effective at restoring your
                  | health. [potion of mutation]
  1521 | Bailey   | Gained mutation: You have large cloven feet. [potion of
                  | mutation]
  1521 | Bailey   | Gained mutation: You do not regenerate when monsters are
                  | visible. [potion of mutation]
  1521 | Bailey   | Gained mutation: You occasionally lose the ability to drink
                  | potions when taking damage. [potion of mutation]
  1521 | Bailey   | Gained mutation: You have hoof-like feet. [potion of
                  | mutation]
  1522 | Bailey   | Lost mutation: You occasionally lose the ability to drink
                  | potions when taking damage. [potion of mutation]
  1522 | Bailey   | Lost mutation: You have hoof-like feet. [potion of
                  | mutation]
  1522 | Bailey   | Lost mutation: You do not regenerate when monsters are
                  | visible. [potion of mutation]
  1522 | Bailey   | Gained mutation: Your flesh is cold resistant. (rC+)
                  | [potion of mutation]
  1597 | D:7      | Found Nujus's Hydra Hut.
  1600 | D:7      | Noticed an eight-headed hydra
  1803 | D:9      | Got the Atlas of Resurrection and Changing
  1842 | D:9      | Reached skill level 6 in Conjurations
  1842 | D:9      | Reached skill level 5 in Invocations
  1850 | D:9      | Reached skill level 5 in Transmutations
  1919 | D:10     | Entered Level 10 of the Dungeon
  1926 | D:10     | Noticed Erica
  1931 | D:10     | Killed Erica
  1932 | D:10     | Reached skill level 8 in Spellcasting
  1932 | D:10     | Reached skill level 7 in Conjurations
  1932 | D:10     | Reached XP level 11. HP: 53/97 MP: 14/24
  1985 | D:10     | Reached skill level 6 in Transmutations
  2026 | D:9      | Reached ** piety under Sif Muna
  2060 | D:9      | Found a staircase to the Lair.
  2074 | D:9      | Identified the +1 war axe "Naheble" {heavy, rElec Str+3
                  | Dex+4}
  2125 | D:10     | Found a staircase to the Orcish Mines.
  2135 | D:10     | Reached skill level 9 in Spellcasting
  2209 | D:10     | Reached skill level 8 in Conjurations
  2209 | D:10     | Reached skill level 7 in Transmutations
  2502 | D:10     | Reached skill level 8 in Transmutations
  2507 | D:10     | Reached *** piety under Sif Muna
  2509 | Orc:1    | Entered Level 1 of the Orcish Mines
  2519 | Orc:1    | Reached skill level 9 in Conjurations
  2545 | Orc:2    | Entered Level 2 of the Orcish Mines
  2545 | Orc:2    | Noticed an orc knight
  2551 | Orc:1    | Reached skill level 10 in Spellcasting
  2603 | D:10     | Found a runed translucent door.
  2604 | D:10     | Noticed Snorg
  2719 | D:10     | Learned a level 5 spell: Freezing Cloud
  2758 | D:10     | Noticed a boulder beetle
  2767 | D:10     | Noticed Joseph
  2794 | D:10     | Killed Joseph
  2795 | D:10     | Reached skill level 1 in Ice Magic
  2795 | D:10     | Reached skill level 1 in Air Magic
  2806 | D:10     | Killed Snorg
  2807 | D:10     | Reached skill level 2 in Ice Magic
  2807 | D:10     | Reached skill level 2 in Air Magic
  2807 | D:10     | Reached XP level 12. HP: 88/104 MP: 5/27
  2864 | D:10     | Reached skill level 3 in Air Magic
  2865 | D:10     | Reached skill level 3 in Ice Magic
  2866 | D:10     | Killed a boulder beetle
  2867 | D:10     | Reached skill level 4 in Ice Magic
  2867 | D:10     | Reached skill level 4 in Air Magic
  3113 | Lair:1   | Entered Level 1 of the Lair of Beasts
  3125 | Lair:1   | Reached skill level 5 in Air Magic
  3186 | Lair:2   | Found a staircase to the Snake Pit.
  3191 | Lair:2   | Reached skill level 5 in Ice Magic
  3227 | Lair:2   | Reached skill level 6 in Air Magic
  3230 | Lair:2   | Reached skill level 6 in Ice Magic
  3280 | Lair:3   | Reached skill level 1 in Armour
  3280 | Lair:3   | Reached skill level 3 in Dodging
  3301 | Lair:5   | Entered Level 5 of the Lair of Beasts
  3333 | Lair:5   | Reached skill level 2 in Armour
  3342 | Lair:5   | Reached skill level 6 in Invocations
  3356 | Lair:5   | Noticed a catoblepas
  3371 | Lair:5   | Killed a catoblepas
  3372 | Lair:5   | Reached skill level 3 in Armour
  3372 | Lair:5   | Reached skill level 4 in Dodging
  3387 | Lair:5   | Reached XP level 13. HP: 112/112 MP: 20/28
  3441 | Lair:5   | Reached skill level 7 in Air Magic
  3442 | Lair:5   | Reached skill level 4 in Armour
  3444 | Lair:5   | Reached skill level 5 in Dodging
  3444 | Lair:5   | Reached skill level 7 in Invocations
  3458 | Lair:5   | Reached **** piety under Sif Muna
  3459 | Lair:5   | Reached skill level 10 in Fighting
  3466 | Lair:5   | Noticed an eight-headed hydra
  3470 | Lair:5   | Killed an eight-headed hydra
  3471 | Lair:5   | Reached skill level 8 in Air Magic
  3506 | Lair:5   | Reached skill level 6 in Dodging
  3510 | Lair:5   | Reached skill level 9 in Air Magic
  3532 | Lair:5   | Reached skill level 10 in Air Magic
  3557 | Lair:5   | Found a runed translucent door.
  3557 | Lair:5   | Noticed an ice dragon
  3603 | Lair:5   | Noticed a seven-headed hydra
  3608 | Lair:5   | Killed a seven-headed hydra
  3614 | Lair:5   | Reached skill level 11 in Air Magic
  3688 | Lair:5   | Reached skill level 12 in Air Magic
  3688 | Lair:5   | Reached skill level 9 in Transmutations
  3771 | Lair:5   | Found a runed translucent door.
  3774 | Lair:5   | Found a staircase to the Slime Pits.
  3855 | Lair:4   | You fall into a shaft and drop 1 floor!
  3894 | Lair:4   | Reached XP level 14. HP: 121/121 MP: 9/29
  3895 | Lair:4   | Reached skill level 10 in Transmutations
  3927 | Lair:3   | Found a staircase to the Swamp.
  3972 | Lair:2   | Reached ***** piety under Sif Muna
  3973 | Lair:2   | Reached skill level 11 in Transmutations
  4002 | Lair:3   | Reached skill level 12 in Transmutations
  4010 | Lair:3   | Learned a level 7 spell: Storm Form
  4064 | D:9      | You fall into a shaft and drop 1 floor!
  4101 | Orc:2    | Received a gift from Sif Muna
  4188 | Orc:2    | Found Nunk's Armour Shop.
  4220 | Orc:2    | Found a staircase to the Elven Halls.
  4347 | Orc:2    | Paralysed by an orc sorcerer for 3 turns
  4351 | Orc:2    | Noticed an orc warlord
  4363 | Orc:2    | Killed an orc warlord
  4422 | Orc:2    | Found Buhoesm's Antique Weapon Shop.
  4423 | Orc:2    | Found Woepleqy's Antique Armour Boutique.
  4430 | Orc:2    | Bought a pair of glowing gloves for 255 gold pieces
  4476 | Orc:2    | Found Hiovear's Antique Weapon Shop.
  4578 | Orc:1    | Received a gift from Sif Muna
  4579 | Orc:1    | Got Sif Muna's Exposition on Different Peregrination {god
                  | gift}
  4769 | Lair:1   | Reached skill level 11 in Spellcasting
  4800 | Snake:1  | Entered Level 1 of the Snake Pit
  4883 | Snake:1  | Reached skill level 13 in Transmutations
  4883 | Snake:1  | Reached skill level 13 in Air Magic
  5054 | Snake:2  | Reached XP level 15. HP: 87/126 MP: 15/31
  5099 | Snake:1  | Found a transporter.
  5114 | Snake:1  | Found a transporter.
  5192 | Snake:1  | Reached skill level 1 in Unarmed Combat
  5339 | D:11     | Found Rughito's Weapon Shop.
  5422 | D:12     | Reached skill level 2 in Unarmed Combat
  5428 | D:12     | Reached skill level 14 in Transmutations
  5428 | D:12     | Reached skill level 14 in Air Magic
  5483 | D:12     | Reached skill level 3 in Unarmed Combat
  5597 | D:13     | Found the +7 mace of Variability {chaos, chaos arc}
  5602 | D:13     | Noticed Frances
  5610 | D:13     | Killed Frances
  5615 | D:13     | Noticed Erolcha
  5621 | D:13     | Found a shimmering altar of Xom.
  5627 | D:13     | Killed Erolcha
  5628 | D:13     | Reached skill level 4 in Unarmed Combat
  5702 | D:13     | Noticed Jorgrun
  5706 | D:13     | Killed Jorgrun
  5788 | D:14     | Received a gift from Sif Muna
  5791 | D:14     | Got Sif Muna's Writings on Scorched Fog {god gift}
  5859 | D:14     | Reached skill level 5 in Unarmed Combat
  5897 | D:14     | Found a gate to the Vaults.
  5984 | D:15     | Entered Level 15 of the Dungeon
  6035 | D:14     | Reached skill level 6 in Unarmed Combat
  6035 | D:14     | Reached skill level 15 in Transmutations
  6035 | D:14     | Reached skill level 15 in Air Magic
  6057 | D:14     | Reached skill level 7 in Unarmed Combat
  6306 | Snake:1  | Reached skill level 8 in Unarmed Combat
  6306 | Snake:1  | Reached XP level 16. HP: 122/134 MP: 20/32
  6311 | Snake:1  | Reached skill level 9 in Unarmed Combat
  6325 | Snake:1  | Identified the ring "Asihu" {Fly rElec rCorr Int-3 Stlth+}
  6363 | Snake:1  | Learned a level 4 spell: Manifold Assault
  6457 | Snake:2  | You are sucked into a shaft and drop 1 floor!
  6471 | Snake:3  | Reached skill level 10 in Unarmed Combat
  6500 | Snake:3  | Reached skill level 11 in Fighting
  6612 | Snake:4  | Entered Level 4 of the Snake Pit
  6674 | Snake:4  | Reached skill level 11 in Unarmed Combat
  6721 | Snake:4  | Noticed a nagaraja
  6725 | Snake:4  | Killed a nagaraja
  6776 | Snake:4  | Received a gift from Sif Muna
  6779 | Snake:4  | Got Sif Muna's Almanac of Bolts and Minerals {god gift}
  6802 | Snake:4  | Noticed a nagaraja
  6806 | Snake:4  | Reached skill level 12 in Fighting
  6808 | Snake:4  | Killed a nagaraja
  6837 | Snake:4  | Noticed a nagaraja
  6844 | Snake:4  | Reached skill level 12 in Unarmed Combat
  6847 | Snake:4  | Reached XP level 17. HP: 146/148 MP: 15/33
  6847 | Snake:4  | Killed a nagaraja
  6864 | Snake:4  | Noticed a nagaraja
  6865 | Snake:4  | Reached skill level 13 in Fighting
  6865 | Snake:4  | Killed a nagaraja
  6866 | Snake:4  | Reached skill level 13 in Unarmed Combat
  6878 | Snake:4  | Noticed a nagaraja
  6883 | Snake:4  | Killed a nagaraja
  6884 | Snake:4  | Reached skill level 14 in Fighting
  6885 | Snake:4  | Noticed Vashnia
  6887 | Snake:4  | Gained mutation: You are dopey. (Int -2) [mutagenic glow]
  6936 | Snake:4  | Reached skill level 7 in Dodging
  7000 | Snake:4  | Got a serpentine rune of Zot
  7047 | Snake:4  | Killed Vashnia
  7135 | Snake:2  | Reached skill level 8 in Dodging
  7167 | Snake:2  | Noticed Asterion
  7175 | Snake:2  | Killed Asterion
  7301 | Swamp:1  | Entered Level 1 of the Swamp
  7324 | Swamp:2  | Noticed a fenstrider witch
  7327 | Swamp:2  | Killed a fenstrider witch
  7328 | Swamp:2  | Identified the +3 leather armour "Offiwita" {Int+3}
  7343 | Swamp:2  | Reached skill level 15 in Fighting
  7377 | Swamp:2  | Gained mutation: You passively map a large area around you.
                  | [Meteoran growth]
  7377 | Swamp:2  | Reached XP level 18. HP: 148/163 MP: 28/34
  7405 | Swamp:2  | Reached skill level 9 in Dodging
  7498 | Swamp:3  | Learned a level 2 spell: Blink
  7526 | Swamp:3  | Reached skill level 1 in Translocations
  7530 | Swamp:4  | Entered Level 4 of the Swamp
  7530 | Swamp:4  | Noticed a thorn hunter
  7541 | Swamp:4  | Killed a thorn hunter
  7547 | Swamp:4  | Noticed Louise
  7551 | Swamp:4  | Killed Louise
  7554 | Swamp:4  | Reached skill level 2 in Translocations
  7580 | Swamp:4  | Received a gift from Sif Muna
  7583 | Swamp:4  | Got Fagreop's Papyrus of the Scintillating Map {god gift}
  7597 | Swamp:4  | Learned a level 3 spell: Vhi's Electric Charge
  7648 | Swamp:4  | Reached skill level 3 in Translocations
  7710 | Swamp:4  | Got a decaying rune of Zot
  7774 | Swamp:3  | Noticed a thorn hunter
  7781 | Swamp:3  | Killed a thorn hunter
  7783 | Swamp:3  | Reached skill level 10 in Dodging
  7792 | Swamp:4  | Reached skill level 4 in Translocations
  7910 | Swamp:1  | Reached skill level 14 in Unarmed Combat
  7926 | Swamp:1  | Reached skill level 5 in Translocations
  8122 | Elf:1    | Entered Level 1 of the Elven Halls
  8153 | Elf:2    | Noticed a deep elf blademaster
  8171 | Elf:1    | Found Gotem's Antique Armour Shop.
  8171 | Elf:1    | Paralysed by an air elemental for 1 turns
  8195 | Elf:1    | Reached skill level 16 in Fighting
  8249 | Elf:2    | Reached skill level 6 in Translocations
  8249 | Elf:2    | Received a gift from Sif Muna
  8251 | Elf:2    | Noticed a deep elf blademaster
  8330 | Elf:2    | Killed a deep elf blademaster
  8330 | Elf:2    | Lost mutation: Your flesh is cold resistant. (rC+)
                  | [mutagenic glow]
  8330 | Elf:2    | Gained mutation: You are vulnerable to cold. (rC-)
                  | [mutagenic glow]
  8331 | Elf:2    | Reached XP level 19. HP: 107/172 MP: 16/35
  8338 | Elf:1    | Killed a deep elf blademaster
  8369 | Elf:1    | Noticed Agnes
  8376 | Elf:1    | Killed Agnes
  8377 | Elf:1    | Reached skill level 7 in Translocations
  8426 | Elf:1    | Reached skill level 15 in Unarmed Combat
  8499 | Elf:2    | Paralysed by an orc sorcerer for 4 turns
  8514 | Elf:2    | Reached skill level 8 in Translocations
  8542 | Elf:2    | Found a crumbling gateway.
  8566 | Desolati | Entered the Desolation of Salt
  8604 | Desolati | Received a gift from Sif Muna
  8605 | Desolati | Reached skill level 17 in Fighting
  8608 | Desolati | Got Sif Muna's Grimoire of Teratogeny and the Zephyr {god
                  | gift}
  8631 | Desolati | Reached skill level 9 in Translocations
  8671 | Desolati | Reached skill level 16 in Unarmed Combat
  8781 | Desolati | Identified the +1 ring mail of Pecoic {rF+ rC+ Will+}
  8810 | Desolati | Reached skill level 17 in Unarmed Combat
  8823 | Desolati | Reached skill level 1 in Evocations
  8881 | Desolati | Reached skill level 2 in Evocations
  8883 | Desolati | Reached ****** piety under Sif Muna
  8886 | Desolati | Reached XP level 20. HP: 169/184 MP: 29/36
  8957 | Elf:3    | Entered Level 3 of the Elven Halls
  8957 | Elf:3    | Found Gatupt's Weapon Boutique.
  9048 | Elf:3    | Reached skill level 3 in Evocations
  9083 | Elf:3    | Noticed a Brimstone Fiend
  9095 | Elf:3    | Reached skill level 8 in Invocations
  9246 | Elf:3    | Learned a level 6 spell: Statue Form
  9292 | Elf:3    | Reached skill level 1 in Shields
  9292 | Elf:3    | Reached skill level 4 in Evocations
  9375 | Elf:3    | Reached skill level 2 in Shields
  9379 | Elf:3    | Received a gift from Sif Muna
  9380 | Elf:3    | Got Sif Muna's Catalogue of the Snake and the Oath {god
                  | gift}
  9443 | Elf:3    | Reached skill level 12 in Spellcasting
  9465 | Elf:3    | Reached skill level 9 in Invocations
  9466 | Elf:3    | Reached skill level 3 in Shields
  9466 | Abyss:3  | Cast into level 3 of the Abyss (a deep elf sorcerer)
  9467 | Abyss:3  | Reached skill level 5 in Evocations
  9490 | Abyss:3  | Got an abyssal rune of Zot
  9525 | Abyss:3  | Found a corrupted altar of Lugonu.
  9638 | Abyss:3  | Reached skill level 4 in Shields
  9650 | Elf:3    | Escaped the Abyss
  9652 | Elf:3    | Noticed a Tzitzimitl
  9670 | Elf:3    | Reached skill level 6 in Evocations
  9696 | Elf:3    | Reached skill level 10 in Invocations
  9704 | Elf:3    | Reached skill level 5 in Shields
  9809 | Elf:3    | Reached skill level 13 in Spellcasting
  9809 | Elf:3    | Reached skill level 7 in Evocations
  9817 | Elf:3    | Reached XP level 21. HP: 152/191 MP: 10/39
  9827 | Elf:3    | Reached skill level 6 in Shields
  9907 | Elf:3    | Identified the staff of air "Nutaorid" {+Blink rElec rC-
                  | rN++ rCorr}
  9913 | Elf:3    | Identified the +11 war axe of Winter {heavy, rPois rC+
                  | Dex+4}
  9918 | Elf:3    | Identified the +3 scimitar "Revid" {antimagic, rPois rN+
                  | Dex-4}
  9939 | Elf:3    | Learned a level 2 spell: Wereblood
 10078 | Elf:1    | Reached skill level 11 in Invocations
 10204 | D:11     | Received a gift from Sif Muna
 10205 | D:11     | Got Sif Muna's Encyclopedia of Creative Conjuring {god
                  | gift}
 10216 | D:11     | Reached skill level 8 in Evocations
 10320 | Vaults:1 | Entered Level 1 of the Vaults
 10331 | Vaults:1 | Reached skill level 7 in Shields
 10416 | Vaults:2 | Reached skill level 8 in Shields
 10416 | Vaults:2 | Reached skill level 12 in Invocations
 10515 | Vaults:3 | Found a large runed translucent door.
 10515 | Vaults:3 | Found a large runed translucent door.
 10515 | Vaults:3 | Found a large runed translucent door.
 10515 | Vaults:3 | Found a large runed translucent door.
 10515 | Vaults:3 | Found a large runed translucent door.
 10515 | Vaults:3 | Found a large runed translucent door.
 10515 | Vaults:3 | Found a large runed translucent door.
 10515 | Vaults:3 | Found a large runed translucent door.
 10515 | Vaults:3 | Noticed Toam's ghost (veteran VSVM)
 10540 | Vaults:3 | Reached skill level 9 in Shields
 10611 | Vaults:3 | Found a flickering gateway to a bazaar.
 10633 | Bazaar   | Entered a bazaar
 10635 | Bazaar   | Found Moczaiz's Antique Armour Shoppe.
 10641 | Bazaar   | Found Fohuing's General Store.
 10646 | Bazaar   | Found Nojesm's Distillery.
 10654 | Bazaar   | Bought a potion of cancellation for 112 gold pieces
 10654 | Bazaar   | Bought a potion of mutation for 112 gold pieces
 10654 | Bazaar   | Bought a potion of heal wounds for 70 gold pieces
 10654 | Bazaar   | Bought a potion of heal wounds for 70 gold pieces
 10670 | Bazaar   | Found Geirut's Assorted Antiques.
 10678 | Bazaar   | Bought a scroll of teleportation for 72 gold pieces
 10678 | Bazaar   | Bought a scroll of fear for 96 gold pieces
 10678 | Bazaar   | Bought a wand of light (2) for 201 gold pieces
 10680 | Bazaar   | Bought a wand of light (7) for 705 gold pieces
 10705 | Bazaar   | Bought 2 potions of cancellation for 224 gold pieces
 10754 | Vaults:3 | Reached skill level 13 in Invocations
 10798 | Vaults:3 | Reached skill level 10 in Shields
 10810 | Vaults:3 | Received a gift from Sif Muna
 10813 | Vaults:3 | Reached skill level 14 in Invocations
 10819 | Vaults:3 | Got Sif Muna's Excursus on Assembled Despair {god gift}
 10991 | Vaults:3 | Found a staircase to the Crypt.
 11016 | Vaults:3 | Reached skill level 15 in Invocations
 11016 | Vaults:3 | Reached XP level 22. HP: 193/199 MP: 40/40
 11216 | Vaults:4 | Reached skill level 11 in Dodging
 11255 | Vaults:4 | You are sucked into a shaft and drop 1 floor!
 11255 | Vaults:5 | Entered Level 5 of the Vaults
 11290 | Vaults:5 | Found Hidiuhuy's Assorted Antiques.
 11296 | Vaults:5 | Reached skill level 12 in Dodging
 11315 | Vaults:5 | Bought a scroll of blinking for 232 gold pieces
 11375 | Vaults:5 | Noticed a golden dragon
 11378 | Vaults:5 | Noticed an ancient lich
 11379 | Vaults:5 | Killed a golden dragon
 11380 | Vaults:5 | Reached skill level 13 in Dodging
 11384 | Vaults:5 | Killed an ancient lich
 11437 | Vaults:5 | Noticed a dread lich
 11442 | Vaults:5 | Noticed a Brimstone Fiend
 11442 | Vaults:5 | Killed a dread lich
 11461 | Vaults:5 | Reached skill level 14 in Dodging
 11467 | Vaults:5 | Noticed a golden dragon
 11478 | Vaults:5 | Killed a golden dragon
 11479 | Vaults:5 | Reached skill level 9 in Earth Magic
 11503 | Vaults:5 | Noticed a golden dragon
 11508 | Vaults:5 | Killed a golden dragon
 11511 | Vaults:5 | Reached skill level 10 in Earth Magic
 11525 | Vaults:5 | Received a gift from Sif Muna
 11526 | Vaults:5 | Reached skill level 15 in Dodging
 11528 | Vaults:5 | Reached XP level 23. HP: 116/205 MP: 37/41
 11530 | Vaults:5 | Reached skill level 11 in Earth Magic
 11575 | Vaults:5 | Identified the +0 sling "Killer Klown's Foe" {heavy, rElec
                  | rN++ Dex-3}
 11581 | Vaults:5 | Reached skill level 12 in Earth Magic
 11592 | Vaults:5 | HP: 8/205 [titan/the air (26)]
 11641 | Vaults:5 | Got Sif Muna's Folio of the Ill-starred Mesa {god gift}
 11675 | Vaults:5 | Learned a level 4 spell: Summon Lightning Spire
 11682 | Vaults:5 | Learned a level 4 spell: Passage of Golubria
 11707 | Vaults:5 | Reached skill level 13 in Earth Magic
 11754 | Vaults:5 | Got a silver rune of Zot
 11781 | Vaults:5 | Identified the +1 leather armour of Gravitas {Fly rCorr
                  | Int-4}
 11811 | Vaults:4 | Reached skill level 14 in Earth Magic
 11893 | Vaults:4 | Received a gift from Sif Muna
 11894 | Vaults:4 | Got Sif Muna's Octavo of Bruises {god gift}
 11896 | Vaults:4 | Reached skill level 15 in Earth Magic
 12325 | Slime:1  | Entered Level 1 of the Pits of Slime
 12379 | Slime:3  | Reached skill level 16 in Earth Magic
 12455 | Slime:5  | Entered Level 5 of the Pits of Slime
 12460 | Slime:5  | Noticed the Royal Jelly
 12464 | Slime:5  | Found a viscous altar of Jiyva.
 12469 | Slime:5  | Reached XP level 24. HP: 160/214 MP: 31/41
 12471 | Slime:5  | Found the +27 heavy crossbow "Sniper" {heavy, Acc+∞ SInv}
 12471 | Slime:5  | Killed the Royal Jelly
 12472 | Slime:5  | Reached skill level 17 in Earth Magic
 12474 | Slime:5  | Received a gift from Sif Muna
 12491 | Slime:5  | Reached skill level 18 in Earth Magic
 12537 | Slime:5  | Got Sif Muna's Disquisition on Gathered Conjuration {god
                  | gift}
 12554 | Slime:5  | Identified the +5 gold dragon scales of the Slug {rPois rF+
                  | rC+ Str+3 Int+3 Dex+3}
 12561 | Slime:5  | Identified the +7 battleaxe "Houkuow" {spect, Dex+4}
 12562 | Slime:5  | Identified the +6 spear of Ignis, Lusting {flame, rPois rC+
                  | Int+3}
 12581 | Slime:5  | Got a slimy rune of Zot
 12609 | Slime:5  | Identified the ring "Voce" {Will+ rCorr Dex+3}
 12612 | Slime:5  | Identified the +5 longbow "Ozxomecu" {heavy, rElec rN+}
 12822 | D:11     | You fall into a shaft and drop 3 floors!
 12864 | D:15     | Found a staircase to the Depths.
 12890 | D:15     | Reached skill level 10 in Translocations
 12896 | Depths:1 | Entered Level 1 of the Depths
 12916 | Depths:1 | Reached skill level 11 in Translocations
 12963 | Depths:2 | Reached skill level 12 in Translocations
 12963 | Depths:2 | Reached skill level 19 in Earth Magic
 13032 | Depths:1 | You are sucked into a shaft and drop 1 floor!
 13048 | Depths:2 | Reached skill level 13 in Translocations
 13164 | Depths:2 | You are sucked into a shaft and drop 2 floors!
 13164 | Depths:4 | Entered Level 4 of the Depths
 13210 | Depths:4 | Found a runed translucent door.
 13213 | Depths:4 | Noticed an ancient lich
 13214 | Depths:4 | Noticed Enaxenid's ghost (legendary MiBe)
 13217 | Depths:4 | Found a runed translucent door.
 13263 | Depths:4 | Reached skill level 20 in Earth Magic
 13287 | Depths:4 | Reached XP level 25. HP: 75/216 MP: 36/41
 13296 | Depths:4 | Received a gift from Sif Muna
 13365 | Depths:4 | Noticed a golden dragon
 13375 | Depths:4 | Killed a golden dragon
 13381 | Depths:4 | Noticed a golden dragon
 13387 | Depths:4 | Killed a golden dragon
 13418 | Depths:4 | Reached skill level 21 in Earth Magic
 13512 | Depths:4 | Found a gateway to Hell.
 13532 | Depths:3 | Noticed a golden dragon
 13532 | Depths:3 | Noticed Mara
 13543 | Depths:3 | Killed a golden dragon
 13549 | Depths:3 | Found a one-way gate to the infinite horrors of the Abyss.
 13553 | Depths:3 | Killed Mara
 13554 | Depths:3 | Reached skill level 22 in Earth Magic
 13567 | Depths:3 | Found a one-way gateway to a ziggurat.
 13613 | Depths:3 | Learned a level 9 spell: Shatter
 13640 | Zig:1    | Entered Level 1 of a ziggurat
 13656 | Zig:2    | Entered Level 2 of a ziggurat
 13671 | Zig:3    | Entered Level 3 of a ziggurat
 13674 | Zig:3    | Noticed an orb of fire
 13683 | Zig:3    | Killed an orb of fire
 13694 | Zig:3    | Identified the staff of death "Rosaran" {rN+ Dex+6 SInv}
 13732 | Zig:4    | Entered Level 4 of a ziggurat
 13740 | Zig:4    | Identified the staff of air "Luhathashru" {rElec rF+ Int+2
                  | Stlth+}
 13752 | Zig:4    | Got the Omnibus of Igneous Company
 13767 | Zig:5    | Entered Level 5 of a ziggurat
 13785 | Zig:6    | Entered Level 6 of a ziggurat
 13834 | Zig:7    | Entered Level 7 of a ziggurat
 13838 | Zig:7    | Noticed a shard shrike
 13843 | Zig:7    | Killed a shard shrike
 13844 | Zig:7    | Reached skill level 14 in Spellcasting
 13914 | Zig:8    | Entered Level 8 of a ziggurat
 13921 | Zig:8    | Received a gift from Sif Muna
 13922 | Zig:8    | Found the +7 great mace "Undeadhunter" {deathbane, rN+}
 13924 | Zig:8    | Reached skill level 23 in Earth Magic
 13927 | Zig:8    | Reached XP level 26. HP: 181/220 MP: 19/42
 13937 | Zig:8    | Got Sif Muna's Grimoire of the Sun and the Winter {god
                  | gift}
 13949 | Zig:8    | Identified the +0 rapier of Ynypiloy {flame, Will+ rCorr
                  | Dex+5}
 13952 | Zig:8    | Identified the +0 robe of Restlessness {rC+}
 13953 | Zig:8    | Identified the +4 dire flail "Conservator" {speed, Int+3}
 13955 | Zig:8    | Identified the +6 hand axe of Earthquakes {heavy, rElec}
 13960 | Zig:8    | Identified the +5 short sword "Coz Yfau" {drain, Fly Dex+5
                  | Stlth+}
 13965 | Zig:9    | Entered Level 9 of a ziggurat
 13968 | Zig:9    | Noticed an ancient lich
 13968 | Zig:9    | Noticed a dread lich
 13975 | Zig:9    | Killed an ancient lich
 13981 | Zig:9    | Killed a dread lich
 13998 | Zig:10   | Entered Level 10 of a ziggurat
 13999 | Zig:10   | Noticed an ancient lich
 14001 | Zig:10   | Noticed a dread lich
 14003 | Zig:10   | Reached skill level 15 in Spellcasting
 14003 | Zig:10   | Killed an ancient lich
 14004 | Zig:10   | Killed a dread lich
 14014 | Zig:10   | Identified the +0 helmet "Ocvoagecsu" {-Cast Rampage Str-4
                  | Dex+7}
 14020 | Zig:10   | Identified the +4 falchion "Dragon's Tongue" {flame, rC+}
 14021 | Zig:10   | Identified the +11 spear "Hell-Harrower" {drain, Str+3
                  | Dex+3}
 14036 | Zig:11   | Entered Level 11 of a ziggurat
 14040 | Zig:11   | Noticed a royal mummy
 14040 | Zig:11   | Noticed a royal mummy
 14042 | Zig:11   | Noticed a royal mummy
 14046 | Zig:11   | Killed a royal mummy
 14047 | Zig:11   | Killed a royal mummy
 14050 | Zig:11   | Killed a royal mummy
 14055 | Zig:11   | Reached skill level 16 in Spellcasting
 14056 | Zig:11   | Reached skill level 24 in Earth Magic
 14090 | Zig:11   | Identified the +1 robe of Kocuet {Str+5}
 14099 | Zig:11   | Identified the +2 leather armour of Indomitability {Str+2}
 14104 | Zig:12   | Entered Level 12 of a ziggurat
 14108 | Zig:12   | Noticed a Killer Klown
 14109 | Zig:12   | Noticed Yweoschi the pandemonium lord
 14109 | Zig:12   | Noticed a Killer Klown
 14109 | Zig:12   | Noticed a Killer Klown
 14109 | Zig:12   | Noticed a Killer Klown
 14109 | Zig:12   | Noticed a Killer Klown
 14114 | Zig:12   | Killed a Killer Klown
 14115 | Zig:12   | Killed a Killer Klown
 14116 | Zig:12   | Gained mutation: Your spells are a little easier to cast,
                  | but a little less powerful. [a shining eye]
 14122 | Zig:12   | HP: 8/228 [Yweoschi the pandemonium lord (18)]
 14128 | Zig:13   | Entered Level 13 of a ziggurat
 14145 | Zig:13   | Received a gift from Sif Muna
 14146 | Zig:13   | Reached skill level 17 in Spellcasting
 14146 | Zig:13   | Got Sif Muna's Octavo of the Iron Compass {god gift}
 14194 | Zig:14   | Entered Level 14 of a ziggurat
 14206 | Zig:14   | Gained mutation: Your magical capacity is low. (-10% MP) [a
                  | neqoxec]
 14206 | Zig:14   | Gained mutation: You sometimes lose your temper in combat.
                  | [a neqoxec]
 14207 | Zig:14   | Gained mutation: You occasionally lose the ability to drink
                  | potions when taking damage. [a neqoxec]
 14208 | Zig:14   | Noticed Siel the pandemonium lord
 14211 | Zig:14   | Reached skill level 18 in Spellcasting
 14214 | Zig:14   | Reached XP level 27. HP: 183/235 MP: 17/42
 14216 | Zig:14   | Killed Siel the pandemonium lord
 14243 | Zig:14   | Identified the +5 pearl dragon scales "Irofett" {rC+ rN+
                  | Will+ Int+2}
 14295 | Zig:15   | Entered Level 15 of a ziggurat
 14300 | Zig:15   | Noticed a royal mummy
 14302 | Zig:15   | Noticed a royal mummy
 14302 | Zig:15   | Noticed a royal mummy
 14303 | Zig:15   | Reached skill level 19 in Spellcasting
 14307 | Zig:15   | Killed a royal mummy
 14308 | Zig:15   | Killed a royal mummy
 14308 | Zig:15   | Killed a royal mummy
 14310 | Zig:15   | Slain by a bennu

Illustrated notes

Levels and vault maps discovered:
D:1:      dpeg_arrival_windows_large_door, layout_basic
D:2:      layout_loops_ring, serial_shops, nicolae_shop_advertising_works
          [nicolae_subvault_shop_adworks], hellmonk_ecumenical_altar_crossroads
D:3:      layout_loops_ring, okawaru_metal_pillars_1_2,
          kennysheep_generic_room_7
D:4:      layout_loops_ring, nicolae_ashenzari_skybound, uniq_grinder,
          uniq_duvessa, uniq_ijyb
D:5:      layout_loops_ring, kennysheep_ying_yang, grunt_qazlal_clouds,
          minitemple, gammafunk_ghost_necromancy, hangedman_feature_mirror,
          serial_bayou_pond_b, minmay_fountain_box,
          minmay_misc_feat_four_crosses, dilly_guarded_unrand_devastator
D:6:      layout_rooms, minmay_hollow_rounded_squares
D:7:      layout_rooms, marbit_many_paths, lemuel_doored_altar,
          minmay_temple_entry_wispy, enter_bailey_3, kennysheep_nub,
          doesnt_shop_hydraphobe
D:8:      layout_loops_ring, chequers_serial_rivers_small_b
D:9:      layout_layer_cave, lair_entry_dummy
D:10:     layout_cave_pods, zombieorc2_lemuel, minmay_st_funbox,
          kennysheep_big_empty_room, kennysheep_generic_room_4, uniq_snorg,
          uniq_erica, uniq_joseph
D:11:     layout_loops_ring, serial_shops, nicolae_shop_trees
D:12:     layout_cave_pools
D:13:     layout_loops_corners, drop_trap, minmay_guarded_unrand_variability,
          uniq_kirke, uniq_erolcha, uniq_jorgrun, uniq_frances
D:14:     layout_small_grid, hangedman_vaults_entry_quadrant_bands,
          minmay_misc_feat_roman
D:15:     gammafunk_depths_entry_grave, layout_cave_pods,
          ebering_ghost_disaster_area, kiku_gazebo_pond_becter, drop_trap,
          feat_on_display, uniq_azrael
Temple:   oiseaux_autumnal_temple
Lair:1:   layout_regular_city, grunt_megastairs_1
Lair:2:   layout_loops_ring, guppyfry_snake_entry_island,
          chequers_serial_rivers_large_a, guppyfry_lair_drakes
Lair:3:   layout_roguey, minmay_swamp_entry_swarm, special_room
          [special_room_bee], grunt_megastairs_5
Lair:4:   layout_cave_pods, basic_altar, serial_bayou_shore_a
Lair:5:   wormcave, layout_long_grid, hangedman_lair_tendril_chambers,
          slime_entry_2, grunt_megastairs_2
Swamp:1:  nicolae_swamp_long_stream, layout_basic_swamp,
          infiniplex_staircase_pool
Swamp:2:  layout_basic_swamp, evilmike_swamp_ruin_rubble_2, swamp_pool1,
          hangedman_swamp_grove
Swamp:3:  layout_basic_swamp, evilmike_swamp_ruin_house_1, swamp_pool1,
          hangedman_swamp_lotus, hangedman_swamp_diagram,
          cheibrodos_swamp_pet_leeches
Swamp:4:  swamp_icy, layout_basic_swamp, swamp_pool2, uniq_louise
Snake:1:  gammafunk_sealed_arena, layout_concentric_octagons,
          nicolae_snake_the_dead_are_slithering, uniq_aizul
Snake:2:  layout_misc_corridors, ebering_ghost_xom, grunt_megastairs_4,
          uniq_asterion
Snake:3:  layout_cave_shapes, nicolae_snake_scaly_snakehead, grunt_megastairs_3
Snake:4:  grunt_snake_rune_serpentine_throne, layout_basic,
          nicolae_triple_integral
Slime:1:  layout_caves, nicolae_slime_barrier
Slime:2:  layout_caves, basic_altar
Slime:3:  layout_caves
Slime:4:  layout_caves
Slime:5
Orc:1:    layout_diamond_mine, mines_bat_river
Orc:2:    grunt_orc_community_town_hall, layout_diamond_mine,
          grunt_orc_community_big_house_2, grunt_orc_community_big_house_1,
          grunt_orc_community_house_2, grunt_orc_community_house_2,
          grunt_orc_community_house_3, grunt_orc_community_house_1
Elf:1:    layout_gridlike, serial_shops, shop, basic_altar,
          hangedman_elven_crosses_minicolossus, uniq_agnes
Elf:2:    elven_hall_of_blades_hangedman_original
          [nicolae_blade_entry_splitting_headache], layout_gridlike,
          portal_desolation_entry_nicolae_slug, serial_shops,
          nicolae_shop_real_fake_doors, guppyfry_elf_castle, uniq_nikola
Elf:3:    nooodl_elf_gasket, layout_onion_city, serial_shops,
          nicolae_shop_waterfront
Vaults:1: hangedman_vaults_trim, vaults_dpeg_ring,
          dpeg_vaults_pockets_of_resistance, hangedman_vaults_stagger,
          v_misc_14, nicolae_vaults_mitosis, nicolae_vaults_trapezoid_3,
          v_pattern_2, nicolae_vaults_more_shelving_1,
          ontoclasm_vaults_ligature, nicolae_vaults_tetromino_T_2, v_misc_1,
          vaults_dpeg_emergency_exit, layout_vaults_ring, serial_shops,
          nicolae_shop_waterfront, shop, nicolae_shop_back_alley_shop
Vaults:2: gammafunk_ghost_door_vault, hangedman_vaults_cutoff,
          nicolae_vaults_storage_closets_1, nicolae_vaults_closet_pinwheel_1,
          nicolae_vaults_mini_display_case, nicolae_vaults_what_the_h,
          vaults_mumra_minichess_inversion, vaults_room_pool,
          grunt_vaults_hallway_short, nicolae_vaults_apartment_2,
          layout_vaults_omnigrid, uniq_margery
Vaults:3: advil_vaults_ghost_lines, nicolae_vaults_network_quincunx
          [nicolae_vaults_network_quincunx_subvault,
          nicolae_vaults_network_quincunx_subvault,
          nicolae_vaults_network_quincunx_subvault,
          nicolae_vaults_network_quincunx_subvault,
          nicolae_vaults_network_quincunx_subvault],
          nicolae_vaults_specimen_jars, minmay_crypt_entry_simple_corners,
          nicolae_vaults_taking_the_gang_shopping, ontoclasm_vaults_hangar,
          grunt_vaults_twisty, ontoclasm_vaults_eye,
          nicolae_vaults_cornered_office, nicolae_vaults_wine_cellar,
          nicolae_vaults_circle_grid_a, nicolae_vaults_mush_room, v_misc_14,
          vaults_dpeg_hooks, layout_vaults_big_cross, serial_shops,
          bzr_entry_gold
Vaults:4: v_misc_2, nicolae_vaults_surprise_closet,
          nicolae_vaults_lightning_bolt, hangedman_vaults_snaps,
          nicolae_vaults_surprise_closet, vaults_room_hallway, v_misc_25,
          hangedman_vaults_stitches, nicolae_vaults_corridor_and_loot_room,
          nicolae_vaults_closet_pinwheel_6, nicolae_vaults_double_plus_2,
          nicolae_vaults_house_3, vaults_dpeg_diagonal, layout_vaults_maze
Vaults:5
Depths:1: layout_long_grid, grunt_hell_entry_dis_mu, rand_demon_pan_entry_1,
          minmay_holes, amcnicky_mini_rare_corridor_liquid, tgw_sif
Depths:2: hellmonk_paralyzer, layout_cave_shapes, pf_coc_iceberg,
          elyvilon_altar_3, grunt_pan_entry_sceptre, firewood_loft,
          infiniplex_staircase_spiral_double, uniq_saint_roka
Depths:3: angbandy_vault, layout_cave_pools, enter_ziggurat_d,
          rand_demon_pan_entry_7, abyss_entry, hell_entry,
          nicolae_shop_unique_rings, tgw_lugonu_bribe,
          minmay_staircase_windowed_small, minmay_shop_grove, uniq_mara,
          uniq_enchantress
Depths:4: lemuel_castle_with_subvaults [lemuel_castle_interior_carwin_3],
          layout_gridlike, chequers_decorated_corner,
          muffindrake_ghost_dual_entry, serial_shops, nicolae_shop_hallway_plus,
          hell_entry, nicolae_burly_brawl, infiniplex_staircase_pool_lava
Zig:15

Skill      XL: |  1  2  3  4  5  6  7  8  9 10 11 12 13 14 15 16 17 18 19 20 21 22 23 24 25 26 27 |
---------------+----------------------------------------------------------------------------------+-----
Earth Magic    | 4 5 6 8 10 16 20 23 24 | 24.0
Conjurations   | 2 3 4 7 9 |  9.0
Spellcasting   | 4 5 6 7 8 10 11 13 14 18 19 | 19.3
Fighting       | 2 5 6 8 9 10 12 15 16 17 | 17.3
Invocations    | 2 5 6 7 10 15 | 15.0
Transmutations | 2 5 8 9 13 15 | 15.0
Ice Magic      | 2 6 |  6.0
Air Magic      | 2 6 12 13 15 | 15.0
Armour         | 3 4 |  4.0
Dodging        | 4 6 8 10 15 | 15.0
Unarmed Combat | 8 12 13 14 17 | 17.0
Translocations | 6 9 13 | 13.0
Evocations     | 2 7 8 |  8.0
Shields        | 5 10 | 10.0
Stealth        | |  1.4

Action                     |  1- 3 |  4- 6 |  7- 9 | 10-12 | 13-15 | 16-18 | 19-21 | 22-24 | 25-27 || total
---------------------------+-------+-------+-------+-------+-------+-------+-------+-------+-------++-------
  Melee: War axe           |       |       |    16 |       |       |       |       |       |       ||    16
         Shillelagh        |       |       |    49 |    24 |    45 |       |       |       |       ||   118
         Punch             |       |       |     1 |     2 |     3 |    43 |    71 |    95 |    29 ||   244
         Kick              |       |       |       |     7 |    13 |       |       |       |       ||    20
         Unarmed           |       |       |       |       |   130 |   342 |   507 |   547 |   177 ||  1703
  Throw: Dart              |       |       |       |     4 |       |       |       |       |       ||     4
   Cast: Sandblast         |    25 |    16 |    33 |    86 |    16 |       |       |       |       ||   176
         Stone Arrow       |       |     4 |    46 |   113 |   158 |    20 |     1 |       |       ||   342
         Irradiate         |       |       |       |     4 |    36 |    39 |    22 |    12 |     7 ||   120
         Passwall          |       |       |       |     1 |     7 |    13 |     7 |     2 |     1 ||    31
         Freezing Cloud    |       |       |       |     6 |    38 |     9 |    13 |     2 |       ||    68
         Storm Form        |       |       |       |       |    14 |    30 |    33 |    22 |    18 ||   117
         Vhi's Electric Ch |       |       |       |       |       |     3 |    53 |    76 |    27 ||   159
         Manifold Assault  |       |       |       |       |       |       |     6 |       |       ||     6
         Blink             |       |       |       |       |       |       |     3 |    12 |    15 ||    30
         Wereblood         |       |       |       |       |       |       |       |    19 |    14 ||    33
         Passage of Golubr |       |       |       |       |       |       |       |    37 |     3 ||    40
         Shatter           |       |       |       |       |       |       |       |       |    35 ||    35
         Chain Lightning   |       |       |       |       |       |       |       |       |     7 ||     7
         Statue Form       |       |       |       |       |       |       |       |       |     2 ||     2
 Invoke: Channel Magic     |       |       |       |     7 |     9 |     3 |     1 |     1 |     5 ||    26
         Divine Exegesis   |       |       |       |       |       |       |       |       |     7 ||     7
Ability: Blinkbolt         |       |       |       |       |    18 |    29 |    36 |    29 |     8 ||   120
         End Transformatio |       |       |       |       |       |     3 |    10 |    12 |    10 ||    35
  Evoke: Wand              |       |       |       |     9 |     1 |    13 |     3 |     2 |     3 ||    31
         Tin of tremorston |       |       |       |       |       |     2 |     2 |     3 |       ||     7
         Phial of floods   |       |       |       |       |       |       |       |     1 |       ||     1
    Use: Scroll            |       |       |     8 |    10 |    11 |     7 |     7 |     4 |     7 ||    54
         Potion            |       |       |       |     6 |     4 |     1 |     3 |     6 |    10 ||    30
   Stab: Distracted        |       |       |     1 |       |       |       |       |       |       ||     1
         Invisible         |       |       |       |       |       |     1 |       |       |       ||     1
 Armour: Robe              |     5 |       |    15 |    11 |       |       |       |       |       ||    31
         Troll leather arm |       |       |       |     9 |    38 |       |       |       |       ||    47
         Skin              |       |       |       |       |    85 |   156 |   138 |   123 |   188 ||   690
  Dodge: Dodged            |     4 |     7 |    57 |    57 |   325 |   375 |   412 |   516 |   217 ||  1970
